 Dungeon Crawl Stone Soup version 0.30.1-11-g7821555f0a (webtiles) character file.

Game seed: 1509278141594323650

428 Tauromancer the Chopper (level 6, 0/78 HPs)
             Began as a Hill Orc Fighter on Jan 9, 2024.
             Slain by a killer bee (1 damage)
             ... on level 4 of the Dungeon.
             The game lasted 00:13:45 (3452 turns).

Tauromancer the Chopper (Hill Orc Fighter)          Turns: 3452, Time: 00:13:45

Health: 0/78       AC: 23    Str: 21    XL:     6   Next: 98%
Magic:  2/2        EV:  2    Int:  8    God:
Gold:   137        SH:  4    Dex: 10    Spells: 5/5 levels left

rFire   . . .        b - +7 hand axe "Fiashreg" {antimagic, rN+ SInv}
rCold   . . .        c - +0 buckler
rNeg    + . .        l - melded +0 scale mail
rPois   +            (helmet currently unavailable)
rElec   .            (cloak currently unavailable)
rCorr   .            (gloves currently unavailable)
SInv    +            (boots currently unavailable)
Will    .....        (no amulet)
Stlth   +            (no ring)
HPRegen 0.33/turn    (no ring)
MPRegen 0.08/turn

%: no passive effects
@: tree-form
A: stationary, stasis, torment immunity, boosted hp
a: Convert to Beogh


You were on level 4 of the Dungeon.
You were a tree.
You visited 1 branch of the dungeon, and saw 4 of its levels.

You collected 137 gold pieces.

Inventory:

Hand Weapons
 a - a +0 trident
 b - the +7 hand axe "Fiashreg" (weapon) {antimagic, rN+ SInv}
   (You found it on level 3 of the Dungeon)

   rN:        It protects you from negative energy.
   SInv:      It lets you see invisible.
Missiles
 i - a boomerang of dispersal (quivered)
Armour
 c - a +0 buckler (worn)
 l - a +0 scale mail (melded)
Scrolls
 g - a scroll of vulnerability {unknown}
 h - a scroll of enchant armour {unknown}
 k - a scroll of teleportation {unknown}
 m - 2 scrolls of identify {unknown}
 n - a scroll of poison
 p - a scroll of acquirement {unknown}
Potions
 d - a potion of might
 e - a potion of attraction
 j - a potion of brilliance


   Skills:
 - Level 4.0 Fighting
 * Level 6.3(7.4) Axes
 - Level 5.0(6.1) Polearms
 - Level 3.6 Armour
 - Level 3.6 Shields


You had 5 spell levels left.
You didn't know any spells.
Your spell library contained the following spells:

 Spells                   Type           Power      Damage    Failure   Level
 Blink                    Tloc           0%         N/A       63%         2
 Lesser Beckoning         Tloc           0%         N/A       63%         2
 Momentum Strike          Conj/Tloc      0%         3d8       63%         2
 Portal Projectile        Hex/Tloc       0%         N/A       85%         3
 Tukima's Dance           Hex            0%         N/A       85%         3
 Summon Ice Beast         Ice/Summ       0%         N/A       99%         4
 Blade Hands              Tmut           0%         N/A       100%        5
 Summon Mana Viper        Hex/Summ       0%         N/A       100%        5
 Monstrous Menagerie      Summ           0%         N/A       100%        7


Dungeon Overview and Level Annotations

Branches:
Dungeon (4/15)
 Temple: D:4-7

Altars:
Ashenzari
The Shining One


Message History

You are poisoned.
The killer bee poisons you! The killer bee stings you.
You block the killer bee's attack.
The orc priest looks encouraged for a moment.
The orc barely misses you.
The killer bee attacks as you move away!
The killer bee stings you. The orc attacks as you move away!
The orc barely misses you.
You feel very sick. The killer bee closely misses you.
You feel sick.
You feel sick. The killer bee stings you. The killer bee closely misses you.
The killer bee attacks as you move away!
The killer bee barely misses you.
You feel sick. The killer bee stings you. You block the killer bee's attack.
You feel sick. You block the killer bee's attack. The killer bee stings you.
* * * LOW HITPOINT WARNING * * *
The killer bee stings you but does no damage.
The killer bee attacks as you move away!
The killer bee closely misses you.
You feel sick. The killer bee stings you!
* * * LOW HITPOINT WARNING * * *
The killer bee stings you.
* * * LOW HITPOINT WARNING * * *
The killer bee stings you but does no damage.
There is an open door here.
Really quaff the potion of lignification? [Y]es or [N]o only, please.
Really quaff the potion of lignification?
You turn into a tree.
Your +0 scale mail melds into your body.
Your roots penetrate the ground.
You feel sick.
The killer bee stings you but does no damage.
The killer bee stings you.
* * * LOW HITPOINT WARNING * * *
The killer bee stings you but does no damage.
The killer bee barely misses you.
You miss the killer bee. You hit the killer bee.
You feel sick.
You are no longer poisoned.
You block the killer bee's attack. The killer bee stings you.
You die...

#.............#########
#.............#........
#o##.....#........
#K.'.....#........
#o.#.....#........
#oy#.....#........
#yy#.....#...####. ........
#####yy#.....########. .......
#..##♣##.....+......'.
y.....######..#.........#......#.
......#.......#.........#.....##.
......#.......'.........#.....##'
......#...##+##.........#.....#..
..)...#...#.............#.....#..
......#...#.............#.....#..
......#...#.............#######..
......#..##....######....# #....


You could see 5 killer bees, an orc priest, 2 orcs and a kobold.

Vanquished Creatures
  2 ogres (D:4)
  A howler monkey (D:4)
  A hound (D:4)
  A sleepcap (D:4)
  4 gnolls (D:2)
  2 adders (D:2)
  A white imp (D:3)
  An ufetubus (D:4)
  3 worms
  A dart slug (D:1)
  An orc (D:3)
  6 bats
  5 endoplasms
  6 giant cockroaches
  4 goblins
  6 hobgoblins
  4 quokkas
  8 ball pythons
  5 frilled lizards
  3 goblin skeletons (D:3)
  3 goblin zombies (D:3)
  4 hobgoblin zombies (D:3)
  8 kobolds
  A kobold zombie (D:3)
  An orc skeleton (D:3)
  An orc zombie (D:3)
  3 rats
86 creatures vanquished.

Notes
Turn   | Place    | Note
-------+----------+-------------------------------------------
     0 | D:1      | Tauromancer the Hill Orc Fighter began the quest for the
                  | Orb.
     0 | D:1      | Reached XP level 1. HP: 19/19 MP: 1/1
   181 | D:1      | Reached XP level 2. HP: 27/27 MP: 2/2
   482 | D:1      | Reached XP level 3. HP: 33/33 MP: 3/3
  1021 | D:2      | Found a broken altar of Ashenzari.
  1429 | D:2      | Reached XP level 4. HP: 7/40 MP: 4/4
  2371 | D:3      | Found a glowing golden altar of the Shining One.
  2382 | D:3      | Reached XP level 5. HP: 45/46 MP: 5/5
  2397 | D:3      | Reached skill level 5 in Polearms
  2597 | D:3      | Identified the +7 hand axe "Fiashreg" {antimagic, rN+ SInv}
  2969 | D:4      | Reached skill level 1 in Axes
  3010 | D:4      | Reached skill level 2 in Axes
  3064 | D:4      | Noticed an ogre
  3110 | D:4      | Killed an ogre
  3111 | D:4      | Reached skill level 4 in Axes
  3111 | D:4      | Reached XP level 6. HP: 52/52 MP: 2/6
  3176 | D:4      | Reached skill level 5 in Axes
  3188 | D:4      | Reached skill level 6 in Axes
  3451 | D:4      | HP: 2/78 [killer bee (5)]
  3452 | D:4      | Slain by a killer bee

Illustrated notes

Levels and vault maps discovered:
D:1:      shiori_arrival_whats_in_store_for_you, layout_basic,
          minmay_misc_feat_ornament
D:2:      layout_loops_corners, basic_altar, kennysheep_pointless_box,
          roderic_three_in_a_row
D:3:      layout_basic, nicolae_tso_besieged_by_evil
D:4:      layout_gridville

Skill      XL: |  1  2  3  4  5  6 |
---------------+-------------------+-----
Fighting       | 4 |  4.0
Polearms       | 3 4 5 |  5.0
Axes           | 4 6 |  6.3
Armour         | |  3.6
Shields        | |  3.6

Action                     |  1- 3 |  4- 6 || total
---------------------------+-------+-------++-------
  Melee: Trident           |   116 |    87 ||   203
         Hand axe          |       |    46 ||    46
    Use: Potion            |     2 |     3 ||     5
         Scroll            |       |     1 ||     1
 Armour: Scale mail        |    36 |    39 ||    75
         Skin              |     5 |     2 ||     7
  Dodge: Dodged            |    38 |    45 ||    83
  Block: Buckler           |    26 |    20 ||    46
